 Dungeon Crawl Stone Soup version 0.27.1-4-g1640c2035a (webtiles) character file.

Game seed: 19295013524108947

23 pkoi the Shield-Bearer (level 2, -2/26 HPs)
             Began as a Minotaur Fighter on Nov 9, 2021.
             Was a Follower of Okawaru.
             Slain by a kobold (5 damage)
             ... on level 1 of the Dungeon.
             The game lasted 00:00:33 (644 turns).

pkoi the Shield-Bearer (Minotaur Fighter)            Turns: 644, Time: 00:00:34

Health: -2/26      AC:  6    Str: 20    XL:     2   Next: 72%
Magic:  1/1        EV:  7    Int:  5    God:    Okawaru [*.....]
Gold:   0          SH:  9    Dex:  9    Spells: 1/1 levels left

rFire    . . .     SeeInvis .   a - +0 long sword
rCold    . . .     Faith    .   c - +0 kite shield
rNeg     . . .     Spirit   .   b - +0 scale mail
rPois    .         Reflect  .   (helmet restricted)
rElec    .         Harm     .   (no cloak)
rCorr    .         Rampage  .   (no gloves)
Will     .....                  (no boots)
Stlth    ..........             (no amulet)
HPRegen  0.08/turn              (no ring)
MPRegen  0.07/turn              (no ring)

@: no status effects
A: horns 2, retaliatory headbutt
a: Renounce Religion, Heroism


You were on level 1 of the Dungeon.
You worshipped Okawaru.
Okawaru was aware of your devotion.
You visited 1 branch of the dungeon, and saw 1 of its levels.

Inventory:

Hand Weapons
 a - a +0 long sword (weapon)
Armour
 b - a +0 scale mail (worn)
 c - a +0 kite shield (worn)
Scrolls
 e - a scroll of brand weapon {unknown}
Potions
 d - a potion of might


   Skills:
 - Level 3.6 Fighting
 + Level 3.3 Long Blades
 - Level 3.6 Armour
 + Level 4.3 Shields


You had one spell level left.
You didn't know any spells.
Your spell library contained the following spells:

 Spells                   Type           Power      Damage    Failure   Level
 Animate Skeleton         Necr           0%         N/A       99%         1
 Pain                     Necr           0%         1d4       99%         1
 Vampiric Draining        Necr           0%         2d6       100%        3


Dungeon Overview and Level Annotations

Branches:
Dungeon (1/15)

Altars:
Okawaru


Innate Abilities, Weirdness & Mutations

You have a pair of horns on your head.
You reflexively headbutt those who attack you in melee.


Message History

You closely miss the quokka. The bat hits you but does no damage.
You block the quokka's attack. The goblin hits you with a +0 club.
You block the quokka's attack. The goblin hits you with a +0 club.
* * * LOW HITPOINT WARNING * * *
You hit the quokka.
You kill the quokka!
Okawaru accepts your kill. The bat hits you but does no damage. x2
The kobold hits you with a +0 short sword.
* * * LOW HITPOINT WARNING * * *
The kobold hits you but does no damage. You block the bat's attack.
The goblin closely misses you. You block the kobold's attack.
You block the bat's attack.
The kobold hits you with a +0 short sword.
* * * LOW HITPOINT WARNING * * *
You see here a quokka corpse.
You block the bat's attack. The bat closely misses you.
The bat hits you but does no damage. The bat hits you but does no damage.
You block the bat's attack. The bat hits you but does no damage.
You hit the bat but do no damage. The bat hits you but does no damage.
The bat closely misses you. You furiously retaliate!
You headbutt the bat.
You kill the bat!
Okawaru accepts your kill. The kobold hits you with a +0 dagger.
* * * LOW HITPOINT WARNING * * *
You barely miss the kobold. The kobold hits you with a +0 dagger.
* * * LOW HITPOINT WARNING * * *
You hit the kobold.
You kill the kobold!
Okawaru accepts your kill.
You hit the goblin but do no damage. You headbutt the goblin.
You kill the goblin!
Okawaru accepts your kill.
You closely miss the kobold. You block the kobold's attack. x2
You hit the kobold but do no damage. You block the kobold's attack.
You completely miss the kobold.
The kobold hits you but does no damage. x2
You barely miss the kobold. Your headbutt misses the kobold.
The kobold hits you with a +0 short sword.
You die...

####### ....... ###....... #
#......... # #.#####.#.......
#.#..@K...........
#.#.#####†........ .
##.....###.........
.##########..#.#.#...........
.............................
..........#..#...#........###
#......##.#..#...###......#
#.......#.#..#...# #....###
#.....#.#.#......# #....#


You could see a kobold.

Vanquished Creatures
  A dart slug (D:1)
  4 endoplasms (D:1)
  3 goblins (D:1)
  2 hobgoblins (D:1)
  2 quokkas (D:1)
  A ball python (D:1)
  2 bats (D:1)
  A frilled lizard (D:1)
  2 kobolds (D:1)
18 creatures vanquished.

Vanquished Creatures (others)
  2 fungi (D:1)
2 creatures vanquished.

Grand Total: 20 creatures vanquished

Notes
Turn   | Place    | Note
-------+----------+-------------------------------------------
     0 | D:1      | pkoi the Minotaur Fighter began the quest for the Orb.
     0 | D:1      | Reached XP level 1. HP: 19/19 MP: 0/0
     6 | D:1      | Noticed a komodo dragon
     6 | D:1      | Noticed an anaconda
     7 | D:1      | Noticed a hog
   124 | D:1      | Found a faded altar of an unknown god.
   168 | D:1      | Became a worshipper of Warmaster Okawaru
   168 | D:1      | Reached * piety under Okawaru
   200 | D:1      | Reached skill level 4 in Shields
   200 | D:1      | Reached XP level 2. HP: 20/26 MP: 1/1
   644 | D:1      | Slain by a kobold

Illustrated notes

Levels and vault maps discovered:
D:1:      onia_arrival_zoo_common, layout_basic,
          shapermc_ecumenical_altar_ellora

Skill      XL: |  1  2 |
---------------+-------+-----
Shields        | 4 |  4.3
Long Blades    | 3 |  3.3
Fighting       | |  3.6
Armour         | |  3.6

Action                   || total
-------------------------++-------
Melee: Long sword        ||    36
       Headbutt          ||     4
Armor: Scale mail        ||    21
Dodge: Dodged            ||    10
Block: Kite shield       ||    20
